 Dungeon Crawl Stone Soup version 0.13.0-25-g43d4df3 (webtiles) character file.

1069 Malachi the Slasher (level 7, -5/53 HPs)
             Began as a Mummy Fighter on Oct 27, 2013.
             Slain by Pikel
             ... wielding a +2,+1 whip of electrocution
              (23 damage)
             ... on Level 6 of the Dungeon.
             The game lasted 00:07:43 (6018 turns).

Malachi the Slasher (Mummy Fighter)                 Turns: 6018, Time: 00:07:43

HP  -5/53        AC  6     Str 21      XL: 7   Next: 73%
MP   6/6         EV  6     Int  7      God:
Gold 199         SH 18     Dex 11      Spells:  0 memorised,  6 levels left

Res.Fire  : x . .   See Invis. : .   o - +0,+1 orc falchion (elec)
Res.Cold  : + . .   Warding    : .   q - +0 scale mail
Life Prot.: + + +   Conserve   : .   c - +0 shield
Res.Poison: +       Res.Corr.  : .   (no helmet)
Res.Elec. : .       Clarity    : .   (no cloak)
Sust.Abil.: . .     Spirit.Shd : .   (no gloves)
Res.Mut.  : .       Stasis     : .   (no boots)
Res.Rott. : +       Flight     : .   (no amulet)
Saprovore : . . .                    (no ring)
                                     (no ring)

@: somewhat resistant to hostile enchantments, extremely unstealthy
A: no food or potions, fire vulnerability, restore body, cold resistance 1, life
protection 3, poison resistance, torment resistance, unbreathing
a: no special abilities


You were on level 6 of the Dungeon.
You were not hungry.

You visited 1 branch of the dungeon, and saw 6 of its levels.

You collected 179 gold pieces.

Inventory:

Hand weapons
 b - a +0 blowgun
 o - a +0,+1 orcish falchion of electrocution (weapon)
 x - a +0,+0 great sword
Missiles
 s - 43 poisoned needles
Armour
 c - a +0 shield (worn)
 q - a +0 scale mail (worn)
Magical devices
 l - a wand of frost (12)
 v - a wand of draining (2)
Scrolls
 d - 4 scrolls of enchant armour {unknown}
 f - 9 scrolls of identify {unknown}
 g - 3 scrolls of recharging {unknown}
 h - a scroll of fear {unknown}
 i - 5 scrolls of teleportation {unknown}
 j - a scroll of random uselessness {unknown}
 k - 3 scrolls of amnesia {unknown}
 m - 2 scrolls of enchant weapon I {unknown}
 n - a scroll of fog {unknown}
 p - a scroll of remove curse {unknown}
 r - a scroll of blinking {unknown}
 t - 2 scrolls of noise {unknown}
 u - a scroll of curse armour {unknown}
 w - a scroll of magic mapping {unknown}
Jewellery
 a - a +3 ring of intelligence {unknown}
 e - a cursed ring of hunger {unknown}
 y - an uncursed ring of invisibility {unknown}


   Skills:
 - Level 3.0 Fighting
 * Level 6.4 Long Blades
   Level 3.2 Axes
 - Level 2.4 Armour
 - Level 1.4 Dodging
 - Level 2.4 Shields


You had 6 spell levels left.
You didn't know any spells.

Dungeon Overview and Level Annotations

Branches:
Dungeon (6/27)
 Temple: D:4-7          Orc: D:6-11

Altars:
Fedhas

Annotations:
D:6 Pikel


Innate Abilities, Weirdness & Mutations

You do not eat or drink.
Your flesh is vulnerable to fire.
Your flesh is cold resistant.
You are immune to negative energy.
Your system is resistant to poisons.
You are immune to unholy pain and torment.
You can survive without breathing.


Message History

The slave is drained!
You kill the slave!
That felt strangely unrewarding.
Pikel hits you with a whip of electrocution.
Evoke which item? (* to show all) (? for menu, Esc to quit)
Zapping:
v - a wand of draining {zapped: 3}
Press: ? - help, Shift-Dir - straight line, f/p - Pikel
Aim: Pikel, wielding a whip of electrocution and wearing a robe (heavily wounded)
The bolt of negative energy misses Pikel.
The bolt of negative energy hits the black bear skeleton.
The black bear skeleton completely resists.
Pikel barely misses you.
You miss Pikel.
Pikel is heavily wounded.
Pikel hits you with a whip of electrocution.
You hit Pikel.
There is a sudden explosion of sparks!
Pikel is almost dead.
Pikel hits you with a whip of electrocution.
You are electrocuted!
You die...

####### #<#.#.#
#.#.#.# #.#.#.#
#@#.#)# #K#.#.#
#z#'#(#
...#[%^..#
....#..%..#
.....#.....#.
......##...##.#
.....##%###.#
.. ..!##[#.#.#


You could see Pikel and a black bear skeleton.

Vanquished Creatures
  Prince Ribbit (D:6)
  A hungry ghost (D:5)
  4 slaves
  A centaur (D:6)
  A goliath beetle (D:5)
  A crimson imp (D:5)
  2 worker ants
  A hound (D:6)
  An iguana (D:5)
  An orc priest (D:5)
  2 scorpions
  Terence (D:3)
  5 adders
  8 giant mites
  A giant centipede (D:5)
  A worm (D:2)
  3 giant geckos
  2 oozes
  8 orcs
  5 giant cockroaches
  9 goblins
  8 hobgoblins
  9 kobolds
  A quokka (D:3)
  3 ball pythons
  7 bats
  6 giant newts
  A kobold zombie (D:5)
  9 rats
  A rat zombie (D:6)
104 creatures vanquished.

Notes
Turn   | Place    | Note
--------------------------------------------------------------
     0 | D:1      | Malachi, the Mummy Fighter, began the quest for the Orb.
     0 | D:1      | Reached XP level 1. HP: 18/18 MP: 0/0
   343 | D:1      | Reached XP level 2. HP: 24/24 MP: 1/1
  1102 | D:2      | Reached skill level 1 in Dodging
  1102 | D:2      | Reached XP level 3. HP: 25/30 MP: 2/2
  1696 | D:3      | Reached XP level 4. HP: 28/36 MP: 3/3
  2056 | D:3      | Reached skill level 1 in Long Blades
  2611 | D:3      | Noticed Terence
  2625 | D:3      | Killed Terence
  2914 | D:4      | Reached XP level 5. HP: 34/41 MP: 4/4
  3876 | D:5      | Entered Level 5 of the Dungeon
  4106 | D:5      | Noticed a hungry ghost
  4123 | D:5      | Killed a hungry ghost
  4123 | D:5      | Reached skill level 4 in Long Blades
  4123 | D:5      | Reached XP level 6. HP: 18/48 MP: 5/5
  4344 | D:5      | Found a blossoming altar of Fedhas.
  4880 | D:5      | Reached skill level 5 in Long Blades
  4880 | D:5      | Reached XP level 7. HP: 32/53 MP: 6/6
  5066 | D:6      | Noticed Pikel
  5545 | D:6      | Noticed Prince Ribbit
  5561 | D:6      | Killed Prince Ribbit
  5561 | D:6      | Reached skill level 6 in Long Blades
  6018 | D:6      | Slain by Pikel

Action                   |  1- 3 |  4- 6 |  7- 9 || total
-------------------------+-------+-------+-------++-------
Melee: Hand axe          |   126 |    10 |       ||   136
       Falchion          |       |   207 |    65 ||   272
Evoke: Wand              |       |       |     5 ||     5
